 Dungeon Crawl Stone Soup version 0.28-a0-984-g3775c662fe (webtiles) character file.

Game seed: 12890838370615523719

826 porpoise the Magician (level 7, -1/36 HPs)
             Began as a Deep Elf Conjurer on Dec 4, 2021.
             Was a Follower of Vehumet.
             Slain by an orc warrior (9 damage)
             ... on level 6 of the Dungeon.
             The game lasted 00:23:15 (7256 turns).

porpoise the Magician (Deep Elf Conjurer)           Turns: 7256, Time: 00:23:15

Health: -1/36      AC:  5    Str:  4    XL:     7   Next: 64%
Magic:  3/19       EV: 12    Int: 29    God:    Vehumet [*.....]
Gold:   259        SH:  0    Dex: 13    Spells: 9/20 levels left

rFire   . . .      SeeInvis .   a - +9 short sword "Beetleslayer" {freeze, rPois Int+4}
rCold   . . .      Faith    .   (no shield)
rNeg    . . .      Spirit   .   p - +0 robe
rPois   +          Reflect  .   o - +1 helmet
rElec   .          Harm     .   n - +0 cloak
rCorr   .          Rampage  .   (no gloves)
Will    +....                   (no boots)
Stlth   +++.......              g - amulet of regeneration
HPRegen 0.92/turn               v - ring of willpower
MPRegen 0.16/turn               (no ring)

@: hasted, very quick
A: no striking features
a: Renounce Religion


You were on level 6 of the Dungeon.
You worshipped Vehumet.
Vehumet was aware of your devotion.
You visited 2 branches of the dungeon, and saw 7 of its levels.

You collected 259 gold pieces.

Inventory:

Hand Weapons
 a - the +9 short sword "Beetleslayer" (weapon) {freeze, rPois Int+4}
   (You found it on level 6 of the Dungeon)

   It freezes those it strikes, dealing additional cold damage.
   It can also slow down cold-blooded creatures.
   Int:       It affects your intelligence (+4).
   rPois:     It protects you from poison.
 b - a +1 hunting sling of flaming
 x - a +2 rapier of speed
 A - a +3 short sword
Missiles
 e - 246 stones
 i - 5 javelins
 k - 2 boomerangs (quivered)
 s - 18 sling bullets
Armour
 n - a +0 cloak (worn)
 o - a +1 helmet (worn)
 p - a +0 robe (worn)
Jewellery
 d - an amulet of faith
 g - an amulet of regeneration (around neck)
 v - a ring of willpower (left hand)
Wands
 m - a wand of charming (8)
 y - a wand of digging (4)
 B - a wand of paralysis (6)
Scrolls
 c - a scroll of enchant weapon
 h - a scroll of immolation
 t - a scroll of brand weapon
 u - a scroll of vulnerability
 w - a scroll of enchant armour
Potions
 f - 2 potions of heal wounds
 j - a potion of flight
 l - a potion of magic {unknown}
 q - 3 potions of curing
 r - 2 potions of haste


   Skills:
 - Level 2.4 Dodging
 + Level 5.4 Stealth
 - Level 7.0 Spellcasting
 - Level 6.0 Conjurations
 * Level 5.1 Hexes
 * Level 2.2 Translocations


You had 9 spell levels left.
You knew the following spells:

 Your Spells              Type           Power      Damage    Failure   Level
a - Magic Dart            Conj           100%       1d8       1%          1
b - Searing Ray           Conj           90%        2d7       1%          2
c - Fulminant Prism       Conj/Hex       21%        3d13      4%          4
d - Iskenderun's Mystic   Conj/Tloc      34%        2d8       10%         4

Your spell library contained the following spells:

 Spells                   Type           Power      Damage    Failure   Level
 Shock                    Conj/Air       100%       1d9       1%          1
 Apportation              Tloc           46%        N/A       1%          1
 Dazzling Flash           Conj/Hex       84%        N/A       1%          3
 Ensorcelled Hibernation  Hex/Ice        50%        N/A       2%          2
 Portal Projectile        Hex/Tloc       62%        N/A       3%          3
 Animate Skeleton         Necr           20%        N/A       4%          1
 Summon Small Mammal      Summ           40%        N/A       4%          1
 Call Canine Familiar     Summ           10%        N/A       16%         3
 Frozen Ramparts          Ice            20%        1d4       16%         3
 Spider Form              Tmut/Pois      10%        N/A       16%         3
 Leda's Liquefaction      Hex/Erth       12%        N/A       19%         4
 Ice Form                 Ice/Tmut       10%        N/A       45%         4
 Summon Ice Beast         Ice/Summ       10%        N/A       45%         4


Dungeon Overview and Level Annotations

Branches:
Dungeon (6/15)             Temple (1/1) D:4

Altars:
Ashenzari
Cheibriados
Dithmenos
Elyvilon
Fedhas
Gozag
Hepliaklqana
Kikubaaqudgha
Makhleb
Nemelex Xobeh
Okawaru
Qazlal
Ru
Sif Muna
Trog
Uskayaw
Vehumet
Wu Jian
Xom
Yredelemnul
Zin
The Shining One

Shops:
D:5 =

Annotations:
D:4 3 runed translucent doors, McGhostyFace's ghost, amateur GnVM


Message History

Casting: Searing Ray (safe; 1% risk of failure)
Confirm with . or Enter, or press ? or * to list all spells.
Aiming: Searing Ray (safe; 1% risk of failure)
Press: ? - help, Shift-Dir - straight line, f/p - orc warrior
Aim: an orc warrior, wielding a +0 long sword and wearing a +0 plate armour (lightly wounded, 81% to hit)
The searing ray hits the orc warrior but does no damage.
The orc warrior is lightly wounded. (Press . to maintain the ray.)
The searing ray hits the orc warrior but does no damage.
The orc warrior is lightly wounded.
The searing ray hits the orc warrior!
The orc warrior is moderately wounded.
The searing ray hits the orc warrior but does no damage.
The orc warrior is moderately wounded.
You finish channelling your searing ray.
The orc warrior hits you with a +0 long sword!
Casting: Searing Ray (safe; 1% risk of failure)
Confirm with . or Enter, or press ? or * to list all spells.
You don't have enough magic to cast this spell.
Unknown command.
Unknown command.
Your +1 hunting sling of flaming stops flaming.
You feel clever.
The +9 short sword "Beetleslayer" {freeze, rPois Int+4} glows with a cold blue light!
a - the +9 short sword "Beetleslayer" (weapon)
{freeze, rPois Int+4} The orc warrior hits you with a +0 long sword!
You feel yourself speed up. The orc warrior misses you.
You puncture the orc warrior! You freeze the orc warrior.
The orc warrior is severely wounded.
You hit the orc warrior but do no damage.
The orc warrior is severely wounded.
The orc warrior hits you with a +0 long sword!
You hit the orc warrior but do no damage.
The orc warrior is severely wounded.
The orc warrior hits you with a +0 long sword!
* * * LOW HITPOINT WARNING * * *
You hit the orc warrior but do no damage.
The orc warrior is severely wounded.
The orc warrior hits you with a +0 long sword!
You die...

######### ####.......#
##..........# #
##.....P♣P♣..#
..#....^♣.PPP..#
#.#...P.P♣♣♣P..# ###
#.#...♣P♣# ##### ..#
#.#@..PP♣ (..# #.# #..o.♣PP♣#
...# #.# #..†).PPP# ...)#
##.#####.....♣######''#
##...##.......)'[.h.)..#
######.............('.>).#.)#
...<......##.......(')...#..#
######..#...........######g.#
#.#.######....♣# #..#


You could see an orc warrior.

Vanquished Creatures
  An ogre (D:6)
  A centaur (D:6)
  A kobold brigand (D:6)
  A water moccasin zombie (D:5)
  A bullfrog skeleton (D:5)
  2 orc priests
  2 hounds
  Ijyb (D:5)
  A scorpion zombie (D:5)
  3 orc wizards (D:6)
  A howler monkey zombie (D:5)
  Robin (D:2)
  4 gnolls
  8 adders
  A shadow imp (D:6)
  2 dart slugs
  11 orcs
  8 endoplasms
  3 giant cockroaches
  20 goblins
  17 hobgoblins
  2 jackals (D:4)
  A quokka (D:1)
  9 ball pythons
  3 bats
  A frilled lizard (D:2)
  19 kobolds
  3 rats
128 creatures vanquished.

Vanquished Creatures (others)
  4 fulminant prisms (D:6)
  2 fungi (D:4)
  13 plants
19 creatures vanquished.

Grand Total: 147 creatures vanquished

Notes
Turn   | Place    | Note
-------+----------+-------------------------------------------
     0 | D:1      | porpoise the Deep Elf Conjurer began the quest for the Orb.
     0 | D:1      | Reached XP level 1. HP: 10/10 MP: 6/6
   157 | D:1      | Reached XP level 2. HP: 15/15 MP: 1/8
   321 | D:1      | Learned a level 2 spell: Searing Ray
   748 | D:1      | Found a faded altar of an unknown god.
   796 | D:1      | Reached XP level 3. HP: 19/19 MP: 2/10
  1374 | D:1      | Reached skill level 5 in Conjurations
  1465 | D:1      | Reached skill level 4 in Spellcasting
  1880 | D:2      | Reached XP level 4. HP: 18/24 MP: 6/12
  2443 | D:2      | Noticed Robin
  2445 | D:2      | Killed Robin
  2446 | D:2      | Reached skill level 5 in Spellcasting
  2446 | D:2      | Reached XP level 5. HP: 28/28 MP: 1/14
  4472 | D:4      | Found a staircase to the Ecumenical Temple.
  4480 | Temple   | Entered the Ecumenical Temple
  4752 | D:4      | Learned a level 4 spell: Iskenderun's Mystic Blast
  4757 | D:4      | Learned a level 4 spell: Fulminant Prism
  5268 | D:4      | Found a runed translucent gate.
  5268 | D:4      | Found a runed translucent gate.
  5269 | D:4      | Found a runed translucent gate.
  5272 | D:4      | Noticed McGhostyFace's ghost (amateur GnVM)
  5578 | D:5      | Entered Level 5 of the Dungeon
  5586 | D:5      | Identified a scroll of acquirement
  5586 | D:5      | Acquired a ring of willpower
  5624 | D:5      | Found a radiant altar of Vehumet.
  5662 | D:5      | Became a worshipper of Vehumet
  5703 | D:5      | Reached skill level 1 in Hexes
  5784 | D:5      | Found Wuwutt's Jewellery Emporium.
  5842 | D:5      | Reached XP level 6. HP: 32/32 MP: 10/16
  5997 | D:5      | Noticed Ijyb
  6008 | D:5      | Killed Ijyb
  6141 | D:5      | Reached skill level 6 in Spellcasting
  6590 | D:6      | Identified the +9 short sword "Beetleslayer" {freeze, rPois
                  | Int+4}
  6805 | D:6      | Reached skill level 5 in Stealth
  6805 | D:6      | Reached XP level 7. HP: 36/36 MP: 4/19
  6910 | D:6      | Reached skill level 7 in Spellcasting
  6957 | D:6      | Reached * piety under Vehumet
  6957 | D:6      | Offered knowledge of Shock by Vehumet.
  6976 | D:6      | Reached skill level 1 in Translocations
  7229 | D:6      | Reached skill level 5 in Hexes
  7256 | D:6      | Slain by an orc warrior

Illustrated notes

Levels and vault maps discovered:
D:1:      tarquinn_simple_flora_water_d, layout_basic,
          shapermc_ecumenical_altar_mp_highgroup
D:2:      cheibrodos_greedy_goblins, layout_basic, uniq_robin
D:3:      corexii_shack_village, layout_loops_cross
D:4:      layout_basic, minmay_temple_entry_sparse_star,
          gammafunk_ghost_nasty_kobolds, grunt_decor_mini_mirrors
D:5:      layout_loops_ring, mainiacjoe_overflow_alcove_4, serial_shops, shop,
          uniq_ijyb
D:6:      kennysheep_housing_project, layout_loops_ring, serial_shops,
          nicolae_shop_behind_doors
Temple:   nicolae_temple_the_god_donut

Skill      XL: |  1  2  3  4  5  6  7 |
---------------+----------------------+-----
Stealth        | 3 4 5 |  5.4
Conjurations   | 5 6 |  6.0
Spellcasting   | 4 5 6 7 |  7.0
Hexes          | 1 3 5 |  5.1
Translocations | 2 |  2.2
Dodging        | |  2.4

Action                   |  1- 3 |  4- 6 |  7- 9 || total
-------------------------+-------+-------+-------++-------
Melee: Short sword       |       |       |     4 ||     4
 Fire: Hunting sling     |       |    25 |     3 ||    28
 Cast: Magic Dart        |    40 |    34 |       ||    74
       Searing Ray       |    12 |    50 |    10 ||    72
       Fulminant Prism   |       |     2 |     2 ||     4
       Iskenderun's Myst |       |       |     2 ||     2
  Use: Scroll            |       |    13 |       ||    13
       Potion            |       |       |     1 ||     1
Armor: Robe              |     1 |     4 |     3 ||     8
Dodge: Dodged            |     8 |    15 |     7 ||    30

Table legend: (Time is in decaauts)
 A = Elapsed time spent in this place.
 B = Non-inter-level travel time spent in this place.
 C = Inter-level travel time spent in this place.
 D = Time resting spent in this place.
 E = Time spent auto-exploring this place.
 F = Levels seen in this place.
 G = Mean time per level.
                   A        B        C        D        E       F      G
               +--------+--------+--------+--------+--------+-----+--------+
         Total |   7255 |   7044 |    211 |   2757 |   3407 |   7 | 1036.4 |
       Dungeon |   7000 |   6806 |    194 |   2757 |   3187 |   6 | 1166.7 |
        Temple |    254 |    237 |     17 |      0 |    220 |   1 |  254.0 |
               +--------+--------+--------+--------+--------+-----+--------+

Top non-repeatable levels by time:
     D:1: 1650 daAuts
     D:2: 1378 daAuts
     D:4: 1300 daAuts
     D:5: 998 daAuts
     D:3: 993 daAuts
     D:6: 679 daAuts
  Temple: 254 daAuts
